 Dungeon Crawl Stone Soup version 0.19-a0-905-ge5e6a15 (webtiles) character file.

140 incide the Shooter (level 5, 0/34 HPs)
             Began as a High Elf Wanderer on July 4, 2016.
             Succumbed to an adder's poison
             ... on level 2 of the Dungeon on July 5, 2016.
             The game lasted 00:06:15 (1966 turns).

incide the Shooter (High Elf Wanderer)              Turns: 1966, Time: 00:06:15

Health: 0/34       AC:  2    Str:  7 (9)  XL:     5   Next: 2%
Magic:  7/7        EV: 12    Int: 18 (20) God:
Gold:   97         SH:  0    Dex: 11 (13) Spells: 0 memorised, 4 levels left

rFire  . . .     SeeInvis .     c - +0 dagger (elec)
rCold  . . .     Gourm    .     e - +0 robe
rNeg   . . .     Faith    .     (no shield)
rPois  .         Spirit   .     (no helmet)
rElec  .         Dismiss  .     (no cloak)
rCorr  .         Reflect  .     (no gloves)
SustAt .         Harm     .     (no boots)
MR     .....                    (no amulet)
Stlth  +.........               (no ring)
                                (no ring)

@: lethally poisoned (0 -> -14), not resistant to hostile enchantments, very
unstealthy
A: no striking features
a: no special abilities


You were on level 2 of the Dungeon.
You were not hungry.

You visited 1 branch of the dungeon, and saw 2 of its levels.

You collected 97 gold pieces.

Inventory:

Hand Weapons
 a - a +0 shortbow
 c - a +0 dagger of electrocution (weapon)
 r - a +2 short sword of holy wrath
Missiles
 l - 42 arrows
Armour
 e - a +0 robe (worn)
Jewellery
 p - an uncursed amulet of the gourmand {unknown}
Scrolls
 h - 2 scrolls of identify {unknown}
 i - a scroll of blinking {unknown}
 j - a scroll of random uselessness {unknown}
 k - 4 scrolls of remove curse
 n - a scroll of enchant weapon {unknown}
 q - 2 scrolls of enchant armour {unknown}
 s - 2 scrolls of noise {unknown}
Books
 d - a book of Power

   Spells                             Type                      Level
   a - Fulminant Prism                Conjuration/Hexes            4
   b - Iskenderun's Mystic Blast      Conjuration                  4
   c - Venom Bolt                     Conjuration/Poison           5
   d - Bolt of Magma                  Conjuration/Fire/Earth       5
   e - Iron Shot                      Conjuration/Earth            6
   f - Orb of Destruction             Conjuration                  7
   g - Spellforged Servitor           Conjuration/Summoning        7
Miscellaneous
 b - a fan of gales
Comestibles
 f - a bread ration
 m - 3 fruits
 o - 2 meat rations


   Skills:
 - Level 2.0 Fighting
 + Level 6.7 Bows
 - Level 2.6 Armour
 * Level 2.5 Dodging
 - Level 2.0 Evocations


You had 4 spell levels left.
You didn't know any spells.

Dungeon Overview and Level Annotations

Branches:
Dungeon (2/15)

Altars:
Nemelex Xobeh


Message History

You feel sick. The adder bites you.
* * * LOW HITPOINT WARNING * * *
The adder barely misses you.
You miss the adder.
The adder is heavily wounded.
* * * LOW HITPOINT WARNING * * *
You feel sick. The adder bites you.
* * * LOW HITPOINT WARNING * * *
You closely miss the adder.
The adder is heavily wounded.
* * * LOW HITPOINT WARNING * * *
You feel sick. The adder closely misses you.
It was a potion of degeneration.
There was something very wrong with that liquid.
You feel weakened.
You feel dopey.
You feel clumsy.
* * * LOW HITPOINT WARNING * * *
You feel sick. The adder closely misses you.
You barely miss the adder.
The adder is heavily wounded.
You die...

# # #### # ##.#...######
. ........(.!. #<.
#...#.#%S.# ... #.#...#@#
#.#. #.....#...# #.#...
#.....#..#.... #.#.#.
##.....###.. #.. ...(.#
#..#...#..#..#..#
##....###...#.#...###...#
#..#...#...#...#...#..#
#.#.....#..#..#.....#.
#........#####........#


You could see an adder.

Vanquished Creatures
  Natasha (thrice) (D:2)
  2 adders (D:2)
  A dart slug (D:2)
  2 giant geckos (D:1)
  4 bats
  5 giant cockroaches
  4 goblins
  6 hobgoblins
  2 jackals (D:1)
  6 kobolds
  2 quokkas
  3 giant newts
  3 rats (D:1)
43 creatures vanquished.

Notes
Turn   | Place    | Note
-------+----------+-------------------------------------------
     0 | D:1      | incide the High Elf Wanderer began the quest for the Orb.
     0 | D:1      | incide set off with: a fan of gales, a +0 shortbow, 26 arrows, a potion of curing, a +0 robe, a bread ration
     0 | D:1      | Reached XP level 1. HP: 14/14 MP: 3/3
    78 | D:1      | Reached skill level 1 in Dodging
    88 | D:1      | Reached XP level 2. HP: 17/19 MP: 4/4
   499 | D:1      | Reached skill level 5 in Bows
   608 | D:1      | Upgraded the game from 0.19-a0-892-g8a19e52 to 0.19-a0-905-ge5e6a15
   757 | D:1      | Reached XP level 3. HP: 24/24 MP: 5/5
  1674 | D:2      | Noticed Natasha
  1682 | D:2      | Killed Natasha
  1682 | D:2      | Reached skill level 6 in Bows
  1682 | D:2      | Reached skill level 2 in Dodging
  1682 | D:2      | Reached XP level 4. HP: 29/29 MP: 6/6
  1713 | D:2      | Found a sparkling altar of Nemelex Xobeh.
  1740 | D:2      | Noticed Natasha
  1756 | D:2      | Killed Natasha
  1905 | D:2      | Noticed Natasha
  1911 | D:2      | Killed Natasha
  1911 | D:2      | Reached XP level 5. HP: 26/34 MP: 7/7
  1963 | D:2      | HP: 4/34 [adder (3)]
  1965 | D:2      | HP: 1/34 [poisoned by an adder]
  1966 | D:2      | Succumbed to an adder's poison

Vault maps used:
D:1:      onia_arrival_larder, minmay_tetromino_l2
D:2:      nicolae_overflow_crystal_walls, nicolae_overflow_hidden_temple,
          minmay_splitting_lines, kennysheep_nub, uniq_natasha

Skill      XL: |  1  2  3 |
---------------+----------+-----
Dodging        | 1 2 |  2.5
Bows           | 5 6 |  6.7
Fighting       | |  2.0
Armour         | |  2.6
Evocations     | |  2.0

Action                   |  1- 3 |  4- 6 || total
-------------------------+-------+-------++-------
Melee: Dagger            |    22 |    14 ||    36
 Fire: Shortbow          |   132 |    19 ||   151
  Use: Scroll            |     1 |       ||     1
       Potion            |       |     4 ||     4
  Eat: Chunk             |     1 |     2 ||     3
Armor: Robe              |    11 |       ||    11
Dodge: Dodged            |    51 |    14 ||    65
